 Dungeon Crawl Stone Soup version 0.20.1-1-g8b1a95d (webtiles) character file.

56 Internecine the Sneak (level 3, -2/31 HPs)
             Began as a Minotaur Assassin on Sept 29, 2017.
             Killed from afar by an orc wizard (3 damage)
             ... with a magic dart
             ... on level 3 of the Dungeon.
             The game lasted 00:14:04 (1599 turns).

Internecine the Sneak (Minotaur Assassin)           Turns: 1599, Time: 00:14:05

Health: -2/31      AC:  8    Str: 15    XL:     3   Next: 71%
Magic:  2/2        EV: 10    Int:  8    God:
Gold:   47         SH:  0    Dex: 12    Spells: 2/2 levels left

rFire    . . .     SeeInvis .   p - -3 whip (curse)
rCold    . . .     Gourm    .   (no shield)
rNeg     . . .     Faith    .   o - +0 ring mail
rPois    .         Spirit   .   t - +2 hat
rElec    .         Reflect  .   d - +0 cloak
rCorr    .         Harm     .   (no gloves)
MR       .....                  (no boots)
Stlth    ++........             (no amulet)
Regen    0.1/turn               (no ring)
MPRegen  0.1/turn               (no ring)

@: no status effects
A: retaliatory headbutt, horns 2
a: no special abilities


You were on level 3 of the Dungeon.
You were very hungry.

You visited 1 branch of the dungeon, and saw 3 of its levels.

You collected 47 gold pieces.

Inventory:

Hand Weapons
 a - a +3 dagger
 b - a +0 blowgun
 p - a cursed -3 whip (weapon)
 q - a +0 dagger of electrocution
Missiles
 e - 15 poisoned needles
 f - 2 curare-tipped needles
 r - 5 stones (quivered)
Armour
 c - a +0 robe
 d - a +0 cloak (worn)
 m - a +0 leather armour
 o - a +0 ring mail (worn)
 t - a +2 hat (worn)
Scrolls
 i - 2 scrolls of identify
 l - a scroll of magic mapping
Potions
 h - a potion of heal wounds {unknown}
 j - 3 potions of curing
 k - a potion of might {unknown}
 s - a potion of brilliance {unknown}
Comestibles
 g - a bread ration


   Skills:
 + Level 3.0 Fighting
 + Level 2.7 Short Blades
 + Level 2.4 Throwing
 + Level 1.3 Dodging
 + Level 3.9 Stealth


You had 2 spell levels left.
You didn't know any spells.

Dungeon Overview and Level Annotations

Branches:
Dungeon (2/15)

Altars:


Innate Abilities, Weirdness & Mutations

You reflexively headbutt those who attack you in melee.
You have a pair of horns on your head.


Message History

You closely miss the orc. You headbutt the orc, but do no damage.
The orc is heavily wounded.
Something hits you but does no damage. The orc hits you but does no damage.
Something hits you but does no damage.
You hit the orc.
You kill the orc!
Your Fighting skill increases to level 3!
Something hits you but does no damage. Something hits you but does no damage.
Items here: )) [ † a dagger; a chain mail; a mace; an orc corpse Something hits you but does no damage.
You miss something. Something completely misses you.
You miss something. Your headbutt misses something.
Something hits you but does no damage.
You closely miss something. Your headbutt misses something.
You hear some strange, mumbled words.
A magic dart appears from out of thin air!
The magic dart hits you!
You die...

....## #.#.#
#....# #.#.#
##.#.######.#.#
#.#......#.#.##
#.######...#..##
#.# ##..##..####
#.# #...#.....#
#.# ##..#..#.##
#.# ##....{@.#
#.# #....#))##
#.. #..#....#
###
....###.....#
.....# ##.##.#
... #.. .. #..
.... .. .#... .
. ....


There were no monsters in sight!

Vanquished Creatures
  A gnoll (D:1)
  2 dart slugs (D:1)
  2 leopard geckos (D:1)
  3 orcs (D:3)
  5 goblins (D:1)
  4 hobgoblins (D:1)
  7 bats
  3 frilled lizards (D:1)
  7 kobolds
  4 rats
38 creatures vanquished.

Notes
Turn   | Place    | Note
-------+----------+-------------------------------------------
     0 | D:1      | Internecine the Minotaur Assassin began the quest for the Orb.
     0 | D:1      | Reached XP level 1. HP: 18/18 MP: 0/0
   149 | D:1      | Reached XP level 2. HP: 20/25 MP: 1/1
   546 | D:1      | Reached XP level 3. HP: 21/30 MP: 2/2
  1512 | D:2      | You fall through a shaft!
  1592 | D:3      | HP: 1/30 [orc/dagger (2)]
  1599 | D:3      | Killed from afar by an orc wizard

Skill      XL: |  1  2  3 |
---------------+----------+-----
Fighting       | 3 |  3.0
Short Blades   | |  2.7
Throwing       | |  2.4
Dodging        | |  1.3
Stealth        | |  3.9

Action                   || total
-------------------------++-------
Melee: Dagger            ||    63
       Whip              ||    31
       Headbutt          ||    10
 Fire: Blowgun           ||     1
Throw: Stone             ||    19
  Use: Potion            ||     1
       Scroll            ||     6
 Stab: Sleeping          ||     2
  Eat: Chunk             ||     1
Armor: Robe              ||    12
       Ring mail         ||    25
Dodge: Dodged            ||    64
